 Dungeon Crawl Stone Soup version 0.20-a0-441-g89e74e4 (webtiles) character file.

5 M4edhros the Grave Robber (level 1, 0/11 HPs)
             Began as an Octopode Necromancer on Jan 6, 2017.
             Slain by a goblin
             ... wielding a +0 dagger
              (1 damage)
             ... on level 1 of the Dungeon.
             The game lasted 00:00:28 (109 turns).

M4edhros the Grave Robber (Octopode Necromancer)     Turns: 109, Time: 00:00:29

Health: 0/11       AC:  1    Str:  7    XL:     1   Next: 80%
Magic:  1/3        EV: 13    Int: 17    God:
Gold:   0          SH:  0    Dex: 12    Spells: 3/4 levels left

rFire  . . .     SeeInvis .       - Unarmed
rCold  . . .     Gourm    .     (no shield)
rNeg   . . .     Faith    .     (helmet restricted)
rPois  .         Spirit   .     (no amulet)
rElec  .         Reflect  .     (no ring)
rCorr  .         Harm     .     (no ring)
MR     .....                    (no ring)
Stlth  +++.......               (no ring)
                                (no ring)
                                (no ring)
                                (no ring)
                                (no ring)

@: no status effects
A: almost no armour, stealthy swim, amphibious, 8 rings, constrict 8, camouflage
1, gelatinous body 1
a: no special abilities


You were on level 1 of the Dungeon.
You were not hungry.

You visited 1 branch of the dungeon, and saw 2 of its levels.

Inventory:

Armour
 e - a +0 buckler
Scrolls
 d - 3 scrolls of remove curse {unknown}
Potions
 c - a potion of curing {unknown}
Books
 a - a book of Necromancy

   Spells                             Type                      Level
   a - Pain                           Necromancy                   1
   b - Animate Skeleton               Necromancy                   1
   c - Vampiric Draining              Necromancy                   3
   d - Regeneration                   Charms/Necromancy            3
   e - Animate Dead                   Necromancy                   4
   f - Control Undead                 Necromancy                   4
Comestibles
 b - a bread ration
 f - a meat ration


   Skills:
 - Level 2.0 Dodging
 - Level 2.6 Stealth
 + Level 1.3 Unarmed Combat
 - Level 2.0 Spellcasting
 - Level 4.0 Necromancy


You had 3 spell levels left.
You knew the following spells:

 Your Spells              Type           Power        Failure   Level  Hunger
a - Pain                  Necr           ###.         3%          1    #......


Dungeon Overview and Level Annotations

Branches:
Dungeon (2/15)

Altars:


Innate Abilities, Weirdness & Mutations

You cannot wear most types of armour.
You are very stealthy in the water. (Stealth+)
You are amphibious.
You can wear up to eight rings at the same time.
You can use your tentacles to constrict eight enemies at once.
Your skin changes colour to match your surroundings (Stealth+).
Your rubbery body absorbs attacks. (AC +1, EV +1)


Message History

Press: ? - help, Shift-Dir - straight line, f/p - hobgoblin
Aim: a hobgoblin, wielding a club (heavily wounded, chance to defeat MR: 85%)
The hobgoblin writhes in agony!
The goblin misses you. The hobgoblin hits you with a club.
* * * LOW HITPOINT WARNING * * *
Casting: Pain
Confirm with . or Enter, or press ? or * to list all spells.
You don't have enough magic to cast that spell.
The goblin misses you.
Casting: Pain
Confirm with . or Enter, or press ? or * to list all spells.
You don't have enough magic to cast that spell.
You see here 10 gold pieces.
A goblin comes into view. It is wielding a dagger.
A rat comes into view.
The goblin closely misses you. The goblin barely misses you.
Unknown command.
The goblin hits you with a dagger.
You die...

.# #. ..
###.######### ##.#
##.....#.....## ...#
#.............## #.r#
...............##...#
.[.................#
...............g@#
...............g##
##........$...g.#
##+....⌠.......# .#
##...........##. .#
###......####.. ###
#.....###... ..#
##....# ..# #.#
#+...#..#


You could see a hobgoblin, 2 goblins and a rat.

Vanquished Creatures
  A leopard gecko (D:2)
  2 goblins (D:1)
  A kobold (D:2)
4 creatures vanquished.

Notes
Turn   | Place    | Note
-------+----------+-------------------------------------------
     0 | D:1      | M4edhros the Octopode Necromancer began the quest for the Orb.
     0 | D:1      | Reached XP level 1. HP: 11/11 MP: 3/3
    35 | D:2      | Reached skill level 1 in Unarmed Combat
   109 | D:1      | Slain by a goblin

Vault maps used:
D:1:      nicolae_arrival_somewhat_less_tricky_arrival
D:2:      minmay_roachtagon, uniq_crazy_yiuf_cottage

Skill      XL: |  1 |
---------------+----+-----
Unarmed Combat | 1 |  1.3
Dodging        | |  2.0
Stealth        | |  2.6
Spellcasting   | |  2.0
Necromancy     | |  4.0

Action                   || total
-------------------------++-------
Melee: Unarmed           ||     3
       Constrict         ||     1
 Cast: Pain              ||     6
 Stab: Sleeping          ||     1
Dodge: Dodged            ||     5
